Boston Bruins vs Colorado Rockies

Created - Thursday, March 5, 2026 at 07:34

Goals
1 2 3 T
Boston Bruins 1 2 1 4
Colorado Rockies 1 1 1 3
Shots
1 2 3 T
Boston Bruins 5 8 14 27
Colorado Rockies 5 9 14 28

1st period

1. Boston Bruins , Viktor Arvidsson 14 (Rasmus Sandin 18) at 7:48
2. Colorado Rockies , Nick Schmaltz 9 (Elias Pettersson 23, Darren Raddysh 14) at 19:59

Penalties :
Vince Dunn (COL) for Slashing (Minor) at 8:52, Martin Fehervary (COL) for Cross-checking (Minor) at 16:00

2nd period

3. Colorado Rockies , Jesper Bratt 12 (Tim Stutzle 20) at 1:39 (PP)
4. Boston Bruins , Maxim Tsyplakov 19 (Urho Vaakanainen 8, Beck Malenstyn 13) at 4:28 (PP)
5. Boston Bruins , Viktor Arvidsson 15 (Maxim Tsyplakov 16, Aatu Raty 5) at 15:05

Penalties :
Ryan Strome (BOS) for Holding (Minor) at 1:38, Pavel Dorofeyev (COL) for Tripping (Minor) at 4:21, Pavel Dorofeyev (COL) for Tripping (Minor) at 4:37, Ozzy Wiesblatt (BOS) for Holding (Minor) at 7:43

3rd period

6. Boston Bruins , Alex Laferriere 17 (Ryan Strome 25, Jaden Schwartz 14) at 2:09
7. Colorado Rockies , Michael Bunting 6 (Kyle Connor 13, Nick Schmaltz 19) at 11:05

Penalties :
Philipp Kurashev (COL) for Slashing (Minor) at 2:16, Ozzy Wiesblatt (BOS) for Goalie Interference (Minor) at 8:54, Danton Heinen (COL) for Slashing (Minor) at 15:00

Goalie Stats

Leevi Merilainen (BOS), 25 saves from 28 shots - (0.893), W, 10-7-2, 60:00 minutes
Joey Daccord (COL), 23 saves from 27 shots - (0.852), L, 4-13-2, 58:56 minutes

Players Stats for Boston Bruins

Player Name              G  A  P  +/- PIM S  H  SB GA TA FO     MP     PP MP  PK MP  
------------------------------------------------------------------------------------
Aatu Raty                0  1  1   2  0   2  1  0  0  0  5/9    14:14   0:00   0:00 
Adam Wilsby              0  0  0   1  0   1  0  0  0  1  0/0    13:34   0:00   0:00 
Alex Laferriere          1  0  1   0  0   2  0  1  1  0  0/4    19:30   4:39   1:48 
Beck Malenstyn           0  1  1  -1  0   0  2  0  1  0  4/8    13:23   5:09   0:21 
Jack Thompson            0  0  0  -1  0   0  0  5  0  0  0/0    14:52   0:00   0:00 
Jaden Schwartz           0  1  1  -1  0   3  1  1  0  0  0/1    18:06   4:44   0:10 
Jakob Pelletier          0  0  0   0  0   1  1  0  3  0  0/0     9:17   0:14   0:00 
Joel Farabee             0  0  0   0  0   2  1  0  1  0  0/0    11:50   0:11   0:00 
Maxim Tsyplakov          1  1  2   2  0   2  1  0  1  0  1/3    20:06   5:12   1:47 
Ozzy Wiesblatt           0  0  0  -1  4   0  0  0  0  0  0/0     7:30   0:00   0:00 
Rasmus Sandin            0  1  1   1  0   0  0  0  0  0  0/0    23:02   4:53   2:20 
Ryan Strome              0  1  1   0  2   0  1  0  1  0  10/25  20:19   4:39   1:56 
Sam Morton               0  0  0   0  0   1  0  0  0  0  4/5    10:39   0:00   0:00 
Samuel Girard            0  0  0   0  0   1  0  2  0  2  0/0    24:04   4:53   2:20 
Taylor Raddysh           0  0  0   0  0   1  0  0  0  0  0/0    11:09   0:06   0:00 
Urho Vaakanainen         0  1  1   1  0   2  0  1  0  1  0/0    21:58   5:09   1:39 
Victor Mancini           0  0  0   0  0   1  0  1  0  0  0/0    22:30   5:09   1:39 
Viktor Arvidsson         2  0  2   2  0   8  2  1  2  0  0/2    19:55   5:12   1:56 

Players Stats for Colorado Rockies

Player Name              G  A  P  +/- PIM S  H  SB GA TA FO     MP     PP MP  PK MP  
------------------------------------------------------------------------------------
Andrew Peeke             0  0  0   0  0   1  1  1  1  1  0/0    22:34   1:17   4:55 
Cam Fowler               0  0  0  -1  0   0  1  6  0  1  0/0    21:13   1:38   5:21 
Casey Cizikas            0  0  0  -2  0   0  1  1  1  0  8/14   16:15   0:02   4:43 
Danton Heinen            0  0  0  -2  2   1  0  0  0  0  0/0    13:32   2:06   0:00 
Darren Raddysh           0  1  1   0  0   1  4  0  0  4  0/0    21:37   2:05   5:07 
David Pastrnak           0  0  0  -2  0   0  1  0  1  0  0/1    12:27   0:00   0:00 
Elias Pettersson         0  1  1   1  0   3  2  1  0  0  7/10   17:36   2:06   4:54 
Jesper Bratt             1  0  1   0  0   2  0  0  0  0  1/1    17:45   1:51   4:59 
Kevin Hayes              0  0  0   0  0   0  2  1  0  0  7/9    11:59   0:00   0:20 
Kyle Connor              0  1  1   0  0   5  1  1  1  0  0/1    12:38   0:00   0:00 
Martin Fehervary         0  0  0   0  2   0  0  3  0  2  0/0    18:40   0:37   0:00 
Michael Bunting          1  0  1   0  0   7  4  0  0  0  0/0    13:17   1:58   0:00 
Nick Schmaltz            1  1  2   1  0   3  0  0  0  0  3/4    16:23   0:10   4:59 
Pavel Dorofeyev          0  0  0   1  4   1  2  0  0  0  0/1    13:01   1:51   0:00 
Philipp Kurashev         0  0  0   0  2   0  2  0  0  0  0/1    10:57   0:00   0:00 
Quinn Hughes             0  0  0  -1  0   3  3  1  0  2  0/0    18:05   1:54   0:44 
Tim Stutzle              0  1  1   0  0   0  6  0  0  0  7/15   14:01   1:53   0:09 
Vince Dunn               0  0  0   0  2   1  1  0  0  0  0/0    17:52   0:27   3:57 

3 Stars

1 - Viktor Arvidsson (BOS)
2 - Maxim Tsyplakov (BOS)
3 - Nick Schmaltz (COL)

Power Play

Boston Bruins - 1 on 6 Attempt(s) - 16.67%
Colorado Rockies - 1 on 3 Attempt(s) - 33.33%

Penalty Kill

Boston Bruins - 2 on 3 Attempt(s) - 66.67% - Score 0 goal in Penalty Kill
Colorado Rockies - 5 on 6 Attempt(s) - 83.33% - Score 0 goal in Penalty Kill

Team Stat

Boston Bruins - Hits : 10 - Faceoff Wins : 24 - Blocked Shots : 12 - Penalty Minutes : 6
Colorado Rockies - Hits : 31 - Faceoff Wins : 33 - Blocked Shots : 15 - Penalty Minutes : 12

Official

Referees : Ghislain Hebert and Peter Macdougall
Linesman : Michel Cormier and Andrew Smith

Game Notes

No Game Note

Finance

Level 1 -- Attendance: 5263 (87.72%) -- Ticket Income $473,670
Level 2 -- Attendance: 4942 (98.84%) -- Ticket Income $271,810
Level 3 -- Attendance: 2265 (75.50%) -- Ticket Income $79,275
Level 4 -- Attendance: 3548 (70.96%) -- Ticket Income $88,700
Luxury Box -- Attendance: 952 (95.20%) -- Ticket Income $166,600
Game was played at the Pepsi Center.
Total Attendance: 16970 (84.85%)
Total Ticket Income: $1,080,055
Other Income: $378,019
Total Income: $1,458,074

Boston Bruins

5 vs 5 Forward 
   Center                   Left Wing                Right Wing               Time % Phy DF OF 
 1 Ryan Strome              Alex Laferriere          Jaden Schwartz           30     1   2  2  
 2 Aatu Raty                Viktor Arvidsson         Maxim Tsyplakov          30     1   2  2  
 3 Sam Morton               Joel Farabee             Taylor Raddysh           25     1   2  2  
 4 Beck Malenstyn           Jakob Pelletier          Ozzy Wiesblatt           15     1   2  2  

5 vs 5 Defense 
   Defense                  Defense                                           Time % Phy DF OF 
 1 Samuel Girard            Rasmus Sandin                                     35     1   2  2  
 2 Adam Wilsby              Urho Vaakanainen                                  35     1   2  2  
 3 Jack Thompson            Victor Mancini                                    30     1   2  2  
 4 Rasmus Sandin            Samuel Girard                                     0      1   2  2  

PowerPlay Forward 
   Center                   Left Wing                Right Wing               Time % Phy DF OF 
 1 Ryan Strome              Alex Laferriere          Jaden Schwartz           50     1   2  2  
 2 Beck Malenstyn           Viktor Arvidsson         Maxim Tsyplakov          50     1   2  2  

PowerPlay Defense
   Defense                  Defense                                           Time % Phy DF OF 
 1 Samuel Girard            Rasmus Sandin                                     50     1   2  2  
 2 Victor Mancini           Urho Vaakanainen                                  50     1   2  2  

Penalty Kill 4 Players Forward 
   Center                   Wing                     Time % Phy DF OF 
 1 Alex Laferriere          Maxim Tsyplakov          50     1   2  2  
 2 Ryan Strome              Viktor Arvidsson         50     1   2  2  

Penalty Kill 4 Players Defense
   Defense                  Defense                  Time % Phy DF OF 
 1 Samuel Girard            Rasmus Sandin            50     1   2  2  
 2 Victor Mancini           Urho Vaakanainen         50     1   2  2  

Penalty Kill - 3 Players Forward 
   Forward                                           Time % Phy DF OF 
 1 Alex Laferriere                                   50     1   2  2  
 2 Ryan Strome                                       50     1   2  2  

Penalty Kill - 3 Players Defense
   Defense                  Defense                  Time % Phy DF OF 
 1 Samuel Girard            Rasmus Sandin            50     1   2  2  
 2 Victor Mancini           Urho Vaakanainen         50     1   2  2  

4 vs 4 Forward 
   Center                   Wing                     Time % Phy DF OF 
 1 Alex Laferriere          Joel Farabee             50     1   2  2  
 2 Ryan Strome              Viktor Arvidsson         50     1   2  2  

4 vs 4 Defense
   Defense                  Defense                  Time % Phy DF OF 
 1 Samuel Girard            Rasmus Sandin            50     1   2  2  
 2 Adam Wilsby              Urho Vaakanainen         50     1   2  2  

Last Minutes Offensive
   Center                   Left Wing                Right Wing               Defense                  Defense                  
   Ryan Strome              Alex Laferriere          Jaden Schwartz           Samuel Girard            Rasmus Sandin            

Last Minutes Defensive
   Center                   Left Wing                Right Wing               Defense                  Defense                  
   Ryan Strome              Alex Laferriere          Jaden Schwartz           Samuel Girard            Rasmus Sandin            

Goaltenders
Starting : Leevi Merilainen         
Backup : Petr Mrazek              

Extra Forwards
Normal : Jakob Pelletier, Joel Farabee, Beck Malenstyn - PP : Jakob Pelletier, Joel Farabee - PK : Beck Malenstyn
Extra Defensemen
Normal : Samuel Girard, Victor Mancini, Rasmus Sandin - PP : Rasmus Sandin - PK : Victor Mancini, Samuel Girard
Penalty Shots
Alex Laferriere, Jakob Pelletier, Ryan Strome, Viktor Arvidsson, Maxim Tsyplakov

Scratches
Jake Neighbours (Healthy), John Marino (Healthy), Mark Kastelic (Healthy), Philippe Daoust (Healthy), Marcus Hogberg (Right Hand Injury)

Colorado Rockies

5 vs 5 Forward 
   Center                   Left Wing                Right Wing               Time % Phy DF OF 
 1 Elias Pettersson         Nick Schmaltz            Pavel Dorofeyev          25     3   1  1  
 2 Tim Stutzle              Jesper Bratt             Philipp Kurashev         25     1   3  1  
 3 Kevin Hayes              Kyle Connor              Michael Bunting          25     1   3  1  
 4 Casey Cizikas            Danton Heinen            David Pastrnak           25     1   3  1  

5 vs 5 Defense 
   Defense                  Defense                                           Time % Phy DF OF 
 1 Vince Dunn               Darren Raddysh                                    33     1   0  4  
 2 Cam Fowler               Quinn Hughes                                      33     1   3  1  
 3 Martin Fehervary         Andrew Peeke                                      33     3   1  1  
 4 Martin Fehervary         Quinn Hughes                                      1      1   2  2  

PowerPlay Forward 
   Center                   Left Wing                Right Wing               Time % Phy DF OF 
 1 Tim Stutzle              Jesper Bratt             Pavel Dorofeyev          50     1   0  4  
 2 Elias Pettersson         Danton Heinen            Michael Bunting          50     1   2  2  

PowerPlay Defense
   Defense                  Defense                                           Time % Phy DF OF 
 1 Andrew Peeke             Quinn Hughes                                      50     1   3  1  
 2 Cam Fowler               Darren Raddysh                                    50     1   2  2  

Penalty Kill 4 Players Forward 
   Center                   Wing                     Time % Phy DF OF 
 1 Nick Schmaltz            Jesper Bratt             50     1   2  2  
 2 Casey Cizikas            Elias Pettersson         50     1   2  2  

Penalty Kill 4 Players Defense
   Defense                  Defense                  Time % Phy DF OF 
 1 Vince Dunn               Darren Raddysh           50     1   2  2  
 2 Cam Fowler               Andrew Peeke             50     1   2  2  

Penalty Kill - 3 Players Forward 
   Forward                                           Time % Phy DF OF 
 1 Tim Stutzle                                       50     1   2  2  
 2 Casey Cizikas                                     50     1   2  2  

Penalty Kill - 3 Players Defense
   Defense                  Defense                  Time % Phy DF OF 
 1 Vince Dunn               Darren Raddysh           50     1   2  2  
 2 Cam Fowler               Andrew Peeke             50     1   2  2  

4 vs 4 Forward 
   Center                   Wing                     Time % Phy DF OF 
 1 Tim Stutzle              Casey Cizikas            50     1   2  2  
 2 Elias Pettersson         Danton Heinen            50     1   2  2  

4 vs 4 Defense
   Defense                  Defense                  Time % Phy DF OF 
 1 Martin Fehervary         Quinn Hughes             50     1   2  2  
 2 Cam Fowler               Andrew Peeke             50     1   2  2  

Last Minutes Offensive
   Center                   Left Wing                Right Wing               Defense                  Defense                  
   Tim Stutzle              Kyle Connor              David Pastrnak           Martin Fehervary         Darren Raddysh           

Last Minutes Defensive
   Center                   Left Wing                Right Wing               Defense                  Defense                  
   Tim Stutzle              Kyle Connor              David Pastrnak           Martin Fehervary         Darren Raddysh           

Goaltenders
Starting : Joey Daccord             
Backup : Arvid Soderblom          

Extra Forwards
Normal : Pavel Dorofeyev, Michael Bunting, Kevin Hayes - PP : Pavel Dorofeyev, Michael Bunting - PK : Kevin Hayes
Extra Defensemen
Normal : Vince Dunn, Darren Raddysh, Cam Fowler - PP : Vince Dunn - PK : Darren Raddysh, Cam Fowler
Penalty Shots
Tim Stutzle, David Pastrnak, Kyle Connor, Elias Pettersson, Jesper Bratt

Scratches
None


% Time on Ice - Boston Bruins

Lines # - Real PCT - Wanted PCT - Time Play
Normal Forward
1 - 29% - 30% - 13:06
2 - 31% - 30% - 13:55
3 - 24% - 25% - 10:39
4 - 16% - 15% - 7:20
Normal Defense
1 - 35% - 35% - 15:35
2 - 34% - 35% - 15:18
3 - 31% - 30% - 14:06
4 - 0% - 0% - 0:01
PP Forward
1 - 48% - 50% - 4:50
2 - 52% - 50% - 5:12
PP Defense
1 - 49% - 50% - 4:53
2 - 51% - 50% - 5:09
PK Forward
1 - 51% - 50% - 2:03
2 - 49% - 50% - 1:56
PK Defense
1 - 59% - 50% - 2:20
2 - 41% - 50% - 1:39
PK3 Forward
1 - 0% - 50%
2 - 0% - 50%
PK3 Defense
1 - 0% - 50%
2 - 0% - 50%
44 Forward
1 - 0% - 50%
2 - 0% - 50%
44 Defense
1 - 0% - 50%
2 - 0% - 50%
Last Minute Offensive  - 0:00
Last Minute Defensive  - 0:59
Total
Forward - 60:00
Defense - 60:00

% Time on Ice - Colorado Rockies

Lines # - Real PCT - Wanted PCT - Time Play
Normal Forward
1 - 24% - 25% - 10:55
2 - 24% - 25% - 10:59
3 - 26% - 25% - 11:38
4 - 25% - 25% - 11:27
Normal Defense
1 - 30% - 33% - 13:42
2 - 32% - 33% - 14:14
3 - 33% - 33% - 14:54
4 - 5% - 1% - 2:09
PP Forward
1 - 47% - 50% - 1:53
2 - 53% - 50% - 2:06
PP Defense
1 - 48% - 50% - 1:54
2 - 52% - 50% - 2:05
PK Forward
1 - 51% - 50% - 5:08
2 - 49% - 50% - 4:54
PK Defense
1 - 54% - 50% - 5:24
2 - 46% - 50% - 4:38
PK3 Forward
1 - 0% - 50%
2 - 0% - 50%
PK3 Defense
1 - 0% - 50%
2 - 0% - 50%
44 Forward
1 - 0% - 50%
2 - 0% - 50%
44 Defense
1 - 0% - 50%
2 - 0% - 50%
Last Minute Offensive  - 1:00
Last Minute Defensive  - 0:00
Total
Forward - 60:00
Defense - 60:00

Play-by-Play

1st period


0:01 of 1st period - Ryan Strome wins face-off versus Elias Pettersson in neutral zone.
0:13 of 1st period - Alex Laferriere is hit by Darren Raddysh and loses puck.
0:26 of 1st period - Maxim Tsyplakov is hit by Tim Stutzle.
1:18 of 1st period - Slapshot by Samuel Girard.
1:18 of 1st period - Stopped by Joey Daccord without a rebound.
1:19 of 1st period - Elias Pettersson wins face-off versus Maxim Tsyplakov in Colorado Rockies zone.
1:28 of 1st period - Slapshot by Aatu Raty.
1:28 of 1st period - Stopped by Joey Daccord without a rebound.
1:29 of 1st period - Elias Pettersson wins face-off versus Aatu Raty in Colorado Rockies zone.
3:15 of 1st period - Wrist shot by Viktor Arvidsson.
3:15 of 1st period - Stopped by Joey Daccord without a rebound.
3:16 of 1st period - Casey Cizikas wins face-off versus Ryan Strome in Colorado Rockies zone.
4:26 of 1st period - Rasmus Sandin is hit by David Pastrnak and loses puck.
4:31 of 1st period - Wrist shot by David Pastrnak.
4:31 of 1st period - Shot Blocked by Alex Laferriere.
5:56 of 1st period - Beck Malenstyn is hit by Kyle Connor and loses puck.
7:21 of 1st period - Urho Vaakanainen is hit by Pavel Dorofeyev and loses puck.
7:48 of 1st period - Wrist shot by Viktor Arvidsson.
7:48 of 1st period - Goal by Viktor Arvidsson - Boston Bruins : 1 - Colorado Rockies : 0.
7:49 of 1st period - Kevin Hayes wins face-off versus Jaden Schwartz in neutral zone.
8:52 of 1st period - Minor Penalty to Vince Dunn for Slashing.
8:53 of 1st period - Nick Schmaltz wins face-off versus Ryan Strome in Colorado Rockies zone.
9:21 of 1st period - Snap shot by Viktor Arvidsson.
9:21 of 1st period - Shot Blocked by Cam Fowler.
9:28 of 1st period - Wrist shot by Viktor Arvidsson.
9:28 of 1st period - Shot Blocked by Cam Fowler.
10:52 of 1st period - Penalty to Vince Dunn is over, Vince Dunn is back on ice.
11:07 of 1st period - Snap shot by Joel Farabee.
11:07 of 1st period - Shot Blocked by Kevin Hayes.
11:19 of 1st period - Samuel Girard is hit by Casey Cizikas.
11:44 of 1st period - Rasmus Sandin is hit by Elias Pettersson and loses puck.
11:58 of 1st period - Jack Thompson is hit by Michael Bunting and loses puck.
12:09 of 1st period - David Pastrnak is hit by Ryan Strome and loses puck.
12:21 of 1st period - Icing by Martin Fehervary.
12:22 of 1st period - Sam Morton wins face-off versus Philipp Kurashev in Colorado Rockies zone.
12:29 of 1st period - Slapshot by Alex Laferriere.
12:29 of 1st period - Shot Misses the Net.
12:49 of 1st period - Wrist shot by Michael Bunting.
12:49 of 1st period - Stopped by Leevi Merilainen with a rebound.
13:03 of 1st period - Wrist shot by Jakob Pelletier.
13:03 of 1st period - Shot Blocked by Martin Fehervary.
13:06 of 1st period - Icing by Martin Fehervary.
13:07 of 1st period - Beck Malenstyn wins face-off versus Casey Cizikas in Colorado Rockies zone.
13:23 of 1st period - Snap shot by David Pastrnak.
13:23 of 1st period - Shot Misses the Net.
13:37 of 1st period - Snap shot by Kyle Connor.
13:37 of 1st period - Shot Blocked by Samuel Girard.
13:41 of 1st period - Wrist shot by Kyle Connor.
13:41 of 1st period - Shot Misses the Net.
13:43 of 1st period - Slapshot by Cam Fowler.
13:43 of 1st period - Shot Misses the Net.
13:53 of 1st period - Maxim Tsyplakov is hit by Quinn Hughes and loses puck.
14:04 of 1st period - Wrist shot by Nick Schmaltz.
14:04 of 1st period - Shot Blocked by Samuel Girard.
14:20 of 1st period - Maxim Tsyplakov is hit by Darren Raddysh and loses puck.
14:25 of 1st period - Snap shot by Quinn Hughes.
14:25 of 1st period - Shot Misses the Net.
15:23 of 1st period - Backhand shot by Elias Pettersson.
15:23 of 1st period - Shot Misses the Net.
15:25 of 1st period - Slapshot by Darren Raddysh.
15:25 of 1st period - Stopped by Leevi Merilainen with a rebound.
15:27 of 1st period - Wrist shot by Elias Pettersson.
15:27 of 1st period - Stopped by Leevi Merilainen with a rebound.
15:29 of 1st period - Snap shot by Elias Pettersson.
15:29 of 1st period - Stopped by Leevi Merilainen with a rebound.
15:31 of 1st period - Snap shot by Nick Schmaltz.
15:31 of 1st period - Shot Misses the Net.
15:43 of 1st period - Wrist shot by Sam Morton.
15:43 of 1st period - Shot Misses the Net.
16:00 of 1st period - Minor Penalty to Martin Fehervary for Cross-checking.
16:01 of 1st period - Ryan Strome wins face-off versus Casey Cizikas in Colorado Rockies zone.
16:02 of 1st period - Wrist shot by Jaden Schwartz.
16:02 of 1st period - Deflect By Alex Laferriere.
16:02 of 1st period - Shot Misses the Net.
16:02 of 1st period - Puck is out of play.
16:03 of 1st period - Casey Cizikas wins face-off versus Ryan Strome in Colorado Rockies zone.
17:31 of 1st period - Icing by Jaden Schwartz.
17:32 of 1st period - Nick Schmaltz wins face-off versus Ryan Strome in Boston Bruins zone.
17:41 of 1st period - Cam Fowler is hit by Viktor Arvidsson.
18:00 of 1st period - Penalty to Martin Fehervary is over, Martin Fehervary is back on ice.
18:46 of 1st period - Maxim Tsyplakov is hit by Tim Stutzle and loses puck.
19:45 of 1st period - Snap shot by Jaden Schwartz.
19:45 of 1st period - Stopped by Joey Daccord without a rebound.
19:46 of 1st period - Ryan Strome wins face-off versus Nick Schmaltz in Colorado Rockies zone.
19:47 of 1st period - Snap shot by Alex Laferriere.
19:47 of 1st period - Shot Misses the Net.
19:57 of 1st period - Snap shot by Elias Pettersson.
19:57 of 1st period - Shot Blocked by Jack Thompson.
19:59 of 1st period - Wrist shot by Nick Schmaltz.
19:59 of 1st period - Goal by Nick Schmaltz - Boston Bruins : 1 - Colorado Rockies : 1.
Goals for this period are 1 for Boston Bruins vs 1 for Colorado Rockies.
Shots for this period are 5 for Boston Bruins vs 5 for Colorado Rockies.

2nd period


0:01 of 2nd period - Ryan Strome wins face-off versus Tim Stutzle in neutral zone.
0:23 of 2nd period - Icing by Quinn Hughes.
0:24 of 2nd period - Jesper Bratt wins face-off versus Aatu Raty in Colorado Rockies zone.
0:29 of 2nd period - Wrist shot by Maxim Tsyplakov.
0:29 of 2nd period - Stopped by Joey Daccord without a rebound.
0:30 of 2nd period - Kevin Hayes wins face-off versus Aatu Raty in Colorado Rockies zone.
0:30 of 2nd period - Kevin Hayes is hit by Maxim Tsyplakov.
1:07 of 2nd period - Off-side.
1:08 of 2nd period - Ryan Strome wins face-off versus Tim Stutzle in neutral zone.
1:31 of 2nd period - Icing by Alex Laferriere.
1:32 of 2nd period - Casey Cizikas wins face-off versus Ryan Strome in Boston Bruins zone.
1:38 of 2nd period - Minor Penalty to Ryan Strome for Holding.
1:39 of 2nd period - Tim Stutzle wins face-off versus Alex Laferriere in Boston Bruins zone.
1:39 of 2nd period - Backhand shot by Jesper Bratt.
1:39 of 2nd period - Goal by Jesper Bratt - Boston Bruins : 1 - Colorado Rockies : 2.
1:40 of 2nd period - Elias Pettersson wins face-off versus Ryan Strome in neutral zone.
1:43 of 2nd period - Jaden Schwartz is hit by Vince Dunn and loses puck.
2:16 of 2nd period - Slapshot by Viktor Arvidsson.
2:16 of 2nd period - Stopped by Joey Daccord with a rebound.
2:59 of 2nd period - Snap shot by Danton Heinen.
2:59 of 2nd period - Stopped by Leevi Merilainen without a rebound.
3:00 of 2nd period - Ryan Strome wins face-off versus Tim Stutzle in Boston Bruins zone.
3:17 of 2nd period - Wrist shot by Jesper Bratt.
3:17 of 2nd period - Deflect By Tim Stutzle.
3:17 of 2nd period - Shot Blocked by Jaden Schwartz.
3:17 of 2nd period - Puck is out of play.
3:18 of 2nd period - Sam Morton wins face-off versus Elias Pettersson in Boston Bruins zone.
4:12 of 2nd period - Slapshot by Michael Bunting.
4:12 of 2nd period - Stopped by Leevi Merilainen without a rebound.
4:13 of 2nd period - Ryan Strome wins face-off versus Kyle Connor in Boston Bruins zone.
4:13 of 2nd period - Ryan Strome is hit by Kevin Hayes.
4:18 of 2nd period - Off-side.
4:19 of 2nd period - Elias Pettersson wins face-off versus Ryan Strome in neutral zone.
4:21 of 2nd period - Minor Penalty to Pavel Dorofeyev for Tripping.
4:22 of 2nd period - Beck Malenstyn wins face-off versus Casey Cizikas in Colorado Rockies zone.
4:24 of 2nd period - Wrist shot by Maxim Tsyplakov.
4:24 of 2nd period - Shot Misses the Net.
4:26 of 2nd period - Wrist shot by Urho Vaakanainen.
4:26 of 2nd period - Shot Blocked by Cam Fowler.
4:28 of 2nd period - Snap shot by Maxim Tsyplakov.
4:28 of 2nd period - Goal by Maxim Tsyplakov - Boston Bruins : 2 - Colorado Rockies : 2.
4:29 of 2nd period - Elias Pettersson wins face-off versus Ryan Strome in neutral zone.
4:37 of 2nd period - Minor Penalty to Pavel Dorofeyev for Tripping.
4:38 of 2nd period - Casey Cizikas wins face-off versus Beck Malenstyn in Colorado Rockies zone.
5:04 of 2nd period - Ryan Strome is hit by Elias Pettersson and loses puck.
6:37 of 2nd period - Penalty to Pavel Dorofeyev is over, Pavel Dorofeyev is back on ice.
6:39 of 2nd period - Snap shot by Jakob Pelletier.
6:39 of 2nd period - Stopped by Joey Daccord with a rebound.
6:41 of 2nd period - Slapshot by Victor Mancini.
6:41 of 2nd period - Stopped by Joey Daccord with a rebound.
6:45 of 2nd period - Wrist shot by Joel Farabee.
6:45 of 2nd period - Shot Misses the Net.
7:43 of 2nd period - Minor Penalty to Ozzy Wiesblatt for Holding.
7:44 of 2nd period - Elias Pettersson wins face-off versus Viktor Arvidsson in Boston Bruins zone.
7:46 of 2nd period - Slapshot by Michael Bunting.
7:46 of 2nd period - Stopped by Leevi Merilainen without a rebound.
7:47 of 2nd period - Elias Pettersson wins face-off versus Ryan Strome in Boston Bruins zone.
7:54 of 2nd period - Snap shot by Michael Bunting.
7:54 of 2nd period - Stopped by Leevi Merilainen with a rebound.
8:04 of 2nd period - Alex Laferriere is hit by Michael Bunting and loses puck.
8:20 of 2nd period - Slapshot by Quinn Hughes.
8:20 of 2nd period - Stopped by Leevi Merilainen without a rebound.
8:21 of 2nd period - Ryan Strome wins face-off versus Tim Stutzle in Boston Bruins zone.
8:30 of 2nd period - Snap shot by Viktor Arvidsson.
8:30 of 2nd period - Shot Misses the Net.
9:43 of 2nd period - Penalty to Ozzy Wiesblatt is over, Ozzy Wiesblatt is back on ice.
9:48 of 2nd period - Slapshot by Samuel Girard.
9:48 of 2nd period - Shot Blocked by Kyle Connor.
10:12 of 2nd period - Icing by Jakob Pelletier.
10:13 of 2nd period - Beck Malenstyn wins face-off versus Kevin Hayes in Boston Bruins zone.
10:13 of 2nd period - Beck Malenstyn is hit by Michael Bunting.
11:03 of 2nd period - Backhand shot by Vince Dunn.
11:03 of 2nd period - Stopped by Leevi Merilainen with a rebound.
11:35 of 2nd period - David Pastrnak is hit by Joel Farabee and loses puck.
13:31 of 2nd period - Aatu Raty is hit by Quinn Hughes and loses puck.
13:42 of 2nd period - Michael Bunting is hit by Jaden Schwartz and loses puck.
14:10 of 2nd period - Andrew Peeke is hit by Jakob Pelletier and loses puck.
14:29 of 2nd period - Sam Morton is hit by Tim Stutzle and loses puck.
14:47 of 2nd period - Slapshot by Quinn Hughes.
14:47 of 2nd period - Deflect By Urho Vaakanainen.
14:47 of 2nd period - Stopped by Leevi Merilainen without a rebound.
14:48 of 2nd period - Kevin Hayes wins face-off versus Viktor Arvidsson in Boston Bruins zone.
14:57 of 2nd period - Slapshot by Kyle Connor.
14:57 of 2nd period - Stopped by Leevi Merilainen without a rebound.
14:58 of 2nd period - Aatu Raty wins face-off versus Kevin Hayes in Boston Bruins zone.
15:05 of 2nd period - Slapshot by Viktor Arvidsson.
15:05 of 2nd period - Goal by Viktor Arvidsson - Boston Bruins : 3 - Colorado Rockies : 2.
15:06 of 2nd period - Tim Stutzle wins face-off versus Ryan Strome in neutral zone.
15:19 of 2nd period - Alex Laferriere is hit by Philipp Kurashev.
15:42 of 2nd period - Snap shot by Viktor Arvidsson.
15:42 of 2nd period - Shot Misses the Net.
15:44 of 2nd period - Slapshot by Urho Vaakanainen.
15:44 of 2nd period - Stopped by Joey Daccord with a rebound.
15:46 of 2nd period - Slapshot by Urho Vaakanainen.
15:46 of 2nd period - Shot Misses the Net.
16:04 of 2nd period - Snap shot by Casey Cizikas.
16:04 of 2nd period - Shot Blocked by Jack Thompson.
16:18 of 2nd period - Quinn Hughes is hit by Beck Malenstyn and loses puck.
18:06 of 2nd period - Wrist shot by Jakob Pelletier.
18:06 of 2nd period - Shot Blocked by Quinn Hughes.
18:09 of 2nd period - Icing by Quinn Hughes.
18:10 of 2nd period - Aatu Raty wins face-off versus Tim Stutzle in Colorado Rockies zone.
18:13 of 2nd period - Snap shot by Viktor Arvidsson.
18:13 of 2nd period - Stopped by Joey Daccord with a rebound.
18:19 of 2nd period - Snap shot by Tim Stutzle.
18:19 of 2nd period - Deflect By Jesper Bratt.
18:19 of 2nd period - Shot Blocked by Victor Mancini.
18:19 of 2nd period - Puck is out of play.
18:20 of 2nd period - Maxim Tsyplakov wins face-off versus Pavel Dorofeyev in Boston Bruins zone.
18:31 of 2nd period - Wrist shot by Elias Pettersson.
18:31 of 2nd period - Deflect By Maxim Tsyplakov.
18:31 of 2nd period - Shot Misses the Net.
18:31 of 2nd period - Puck is out of play.
18:32 of 2nd period - Kevin Hayes wins face-off versus Ryan Strome in Boston Bruins zone.
19:20 of 2nd period - Slapshot by Quinn Hughes.
19:20 of 2nd period - Shot Misses the Net.
19:38 of 2nd period - Quinn Hughes is hit by Beck Malenstyn and loses puck.
19:43 of 2nd period - Snap shot by Jakob Pelletier.
19:43 of 2nd period - Shot Blocked by Cam Fowler.
19:45 of 2nd period - Slapshot by Samuel Girard.
19:45 of 2nd period - Shot Blocked by Cam Fowler.
Goals for this period are 2 for Boston Bruins vs 1 for Colorado Rockies.
Shots for this period are 8 for Boston Bruins vs 9 for Colorado Rockies.

3rd period


0:01 of 3rd period - Tim Stutzle wins face-off versus Ryan Strome in neutral zone.
0:04 of 3rd period - Snap shot by Jesper Bratt.
0:04 of 3rd period - Stopped by Leevi Merilainen with a rebound.
0:34 of 3rd period - Wrist shot by Viktor Arvidsson.
0:34 of 3rd period - Shot Blocked by Martin Fehervary.
1:06 of 3rd period - Joel Farabee is hit by Pavel Dorofeyev and loses puck.
1:13 of 3rd period - Snap shot by Nick Schmaltz.
1:13 of 3rd period - Stopped by Leevi Merilainen with a rebound.
1:15 of 3rd period - Snap shot by Nick Schmaltz.
1:15 of 3rd period - Deflect By Elias Pettersson.
1:15 of 3rd period - Shot Misses the Net.
1:15 of 3rd period - Puck is out of play.
1:16 of 3rd period - Kevin Hayes wins face-off versus Ryan Strome in Boston Bruins zone.
1:23 of 3rd period - Slapshot by Quinn Hughes.
1:23 of 3rd period - Shot Blocked by Urho Vaakanainen.
1:25 of 3rd period - Slapshot by Kevin Hayes.
1:25 of 3rd period - Deflect By Kyle Connor.
1:25 of 3rd period - Shot Misses the Net.
1:25 of 3rd period - Puck is out of play.
1:26 of 3rd period - Kevin Hayes wins face-off versus Alex Laferriere in Boston Bruins zone.
1:27 of 3rd period - Snap shot by Quinn Hughes.
1:27 of 3rd period - Stopped by Leevi Merilainen without a rebound.
1:28 of 3rd period - Kevin Hayes wins face-off versus Aatu Raty in Boston Bruins zone.
1:41 of 3rd period - Wrist shot by Michael Bunting.
1:41 of 3rd period - Stopped by Leevi Merilainen without a rebound.
1:42 of 3rd period - Ryan Strome wins face-off versus Casey Cizikas in Boston Bruins zone.
1:49 of 3rd period - Snap shot by Jaden Schwartz.
1:49 of 3rd period - Stopped by Joey Daccord with a rebound.
1:51 of 3rd period - Slapshot by Adam Wilsby.
1:51 of 3rd period - Stopped by Joey Daccord without a rebound.
1:52 of 3rd period - Casey Cizikas wins face-off versus Alex Laferriere in Colorado Rockies zone.
1:57 of 3rd period - Slapshot by Ryan Strome.
1:57 of 3rd period - Shot Blocked by Casey Cizikas.
2:03 of 3rd period - Slapshot by Jaden Schwartz.
2:03 of 3rd period - Shot Misses the Net.
2:05 of 3rd period - Backhand shot by Ryan Strome.
2:05 of 3rd period - Shot Blocked by Andrew Peeke.
2:07 of 3rd period - Snap shot by Jaden Schwartz.
2:07 of 3rd period - Stopped by Joey Daccord with a rebound.
2:09 of 3rd period - Snap shot by Ryan Strome.
2:09 of 3rd period - Deflect By Alex Laferriere.
2:09 of 3rd period - Goal by Alex Laferriere - Boston Bruins : 4 - Colorado Rockies : 2.
2:10 of 3rd period - Aatu Raty wins face-off versus Tim Stutzle in neutral zone.
2:16 of 3rd period - Minor Penalty to Philipp Kurashev for Slashing.
2:17 of 3rd period - Casey Cizikas wins face-off versus Beck Malenstyn in Colorado Rockies zone.
2:29 of 3rd period - Snap shot by Viktor Arvidsson.
2:29 of 3rd period - Stopped by Joey Daccord without a rebound.
2:30 of 3rd period - Nick Schmaltz wins face-off versus Ryan Strome in Colorado Rockies zone.
2:39 of 3rd period - Snap shot by Alex Laferriere.
2:39 of 3rd period - Shot Misses the Net.
4:16 of 3rd period - Penalty to Philipp Kurashev is over, Philipp Kurashev is back on ice.
4:45 of 3rd period - Beck Malenstyn is hit by Philipp Kurashev and loses puck.
5:01 of 3rd period - Icing by Danton Heinen.
5:02 of 3rd period - Sam Morton wins face-off versus Elias Pettersson in Colorado Rockies zone.
5:03 of 3rd period - Wrist shot by Taylor Raddysh.
5:03 of 3rd period - Shot Blocked by Elias Pettersson.
5:05 of 3rd period - Slapshot by Jack Thompson.
5:05 of 3rd period - Shot Misses the Net.
5:07 of 3rd period - Snap shot by Sam Morton.
5:07 of 3rd period - Stopped by Joey Daccord with a rebound.
5:09 of 3rd period - Wrist shot by Joel Farabee.
5:09 of 3rd period - Stopped by Joey Daccord with a rebound.
5:11 of 3rd period - Wrist shot by Sam Morton.
5:11 of 3rd period - Shot Misses the Net.
5:31 of 3rd period - Snap shot by Elias Pettersson.
5:31 of 3rd period - Shot Misses the Net.
5:39 of 3rd period - Nick Schmaltz is hit by Viktor Arvidsson and loses puck.
6:04 of 3rd period - Slapshot by Andrew Peeke.
6:04 of 3rd period - Stopped by Leevi Merilainen with a rebound.
6:20 of 3rd period - Snap shot by Elias Pettersson.
6:20 of 3rd period - Shot Hit the Post.
6:22 of 3rd period - Snap shot by Pavel Dorofeyev.
6:22 of 3rd period - Stopped by Leevi Merilainen with a rebound.
6:24 of 3rd period - Snap shot by Elias Pettersson.
6:24 of 3rd period - Stopped by Leevi Merilainen with a rebound.
6:26 of 3rd period - Slapshot by Elias Pettersson.
6:26 of 3rd period - Deflect By Nick Schmaltz.
6:26 of 3rd period - Shot Misses the Net.
6:26 of 3rd period - Puck is out of play.
6:27 of 3rd period - Aatu Raty wins face-off versus Tim Stutzle in Boston Bruins zone.
6:27 of 3rd period - Aatu Raty is hit by Tim Stutzle.
7:17 of 3rd period - Wrist shot by Joel Farabee.
7:17 of 3rd period - Shot Misses the Net.
7:19 of 3rd period - Slapshot by Urho Vaakanainen.
7:19 of 3rd period - Stopped by Joey Daccord with a rebound.
7:21 of 3rd period - Wrist shot by Sam Morton.
7:21 of 3rd period - Deflect By Taylor Raddysh.
7:21 of 3rd period - Stopped by Joey Daccord without a rebound.
7:22 of 3rd period - Tim Stutzle wins face-off versus Maxim Tsyplakov in Colorado Rockies zone.
7:47 of 3rd period - Alex Laferriere is hit by Cam Fowler and loses puck.
7:54 of 3rd period - Snap shot by Michael Bunting.
7:54 of 3rd period - Stopped by Leevi Merilainen without a rebound.
7:55 of 3rd period - Sam Morton wins face-off versus Casey Cizikas in Boston Bruins zone.
8:06 of 3rd period - Rasmus Sandin is hit by Darren Raddysh and loses puck.
8:31 of 3rd period - Wrist shot by Kevin Hayes.
8:31 of 3rd period - Shot Blocked by Viktor Arvidsson.
8:54 of 3rd period - Minor Penalty to Ozzy Wiesblatt for Goalie Interference.
8:55 of 3rd period - Tim Stutzle wins face-off versus Alex Laferriere in Boston Bruins zone.
9:22 of 3rd period - Urho Vaakanainen is hit by Michael Bunting and loses puck.
10:54 of 3rd period - Penalty to Ozzy Wiesblatt is over, Ozzy Wiesblatt is back on ice.
10:55 of 3rd period - Icing by Beck Malenstyn.
10:56 of 3rd period - Tim Stutzle wins face-off versus Beck Malenstyn in Boston Bruins zone.
11:01 of 3rd period - Snap shot by Nick Schmaltz.
11:01 of 3rd period - Stopped by Leevi Merilainen with a rebound.
11:03 of 3rd period - Wrist shot by Kyle Connor.
11:03 of 3rd period - Stopped by Leevi Merilainen with a rebound.
11:05 of 3rd period - Slapshot by Michael Bunting.
11:05 of 3rd period - Goal by Michael Bunting - Boston Bruins : 4 - Colorado Rockies : 3.
11:06 of 3rd period - Tim Stutzle wins face-off versus Ryan Strome in neutral zone.
11:15 of 3rd period - Slapshot by Jaden Schwartz.
11:15 of 3rd period - Shot Blocked by Cam Fowler.
11:17 of 3rd period - Slapshot by Urho Vaakanainen.
11:17 of 3rd period - Shot Hit the Post.
11:19 of 3rd period - Wrist shot by Alex Laferriere.
11:19 of 3rd period - Stopped by Joey Daccord without a rebound.
11:20 of 3rd period - Aatu Raty wins face-off versus Casey Cizikas in Colorado Rockies zone.
11:45 of 3rd period - Alex Laferriere is hit by Tim Stutzle and loses puck.
12:38 of 3rd period - Victor Mancini is hit by Kevin Hayes and loses puck.
12:47 of 3rd period - Victor Mancini is hit by Andrew Peeke.
13:23 of 3rd period - Snap shot by Viktor Arvidsson.
13:23 of 3rd period - Stopped by Joey Daccord with a rebound.
13:27 of 3rd period - Snap shot by Maxim Tsyplakov.
13:27 of 3rd period - Shot Misses the Net.
13:29 of 3rd period - Snap shot by Aatu Raty.
13:29 of 3rd period - Stopped by Joey Daccord with a rebound.
13:31 of 3rd period - Snap shot by Viktor Arvidsson.
13:31 of 3rd period - Stopped by Joey Daccord without a rebound.
13:32 of 3rd period - Ryan Strome wins face-off versus Tim Stutzle in Colorado Rockies zone.
14:38 of 3rd period - Icing by Casey Cizikas.
14:39 of 3rd period - Casey Cizikas wins face-off versus Sam Morton in Colorado Rockies zone.
14:52 of 3rd period - Slapshot by Joel Farabee.
14:52 of 3rd period - Stopped by Joey Daccord with a rebound.
14:54 of 3rd period - Snap shot by Joel Farabee.
14:54 of 3rd period - Shot Blocked by Martin Fehervary.
15:00 of 3rd period - Minor Penalty to Danton Heinen for Slashing.
15:01 of 3rd period - Casey Cizikas wins face-off versus Beck Malenstyn in Colorado Rockies zone.
17:00 of 3rd period - Penalty to Danton Heinen is over, Danton Heinen is back on ice.
17:29 of 3rd period - Kyle Connor is hit by Aatu Raty and loses puck.
18:26 of 3rd period - Aatu Raty is hit by Quinn Hughes and loses puck.
18:37 of 3rd period - Victor Mancini is hit by Tim Stutzle and loses puck.
18:53 of 3rd period - Alex Laferriere is hit by Darren Raddysh and loses puck.
18:56 of 3rd period - Colorado Rockies, Joey Daccord is pulled from the net.
19:08 of 3rd period - Snap shot by Kyle Connor.
19:08 of 3rd period - Stopped by Leevi Merilainen with a rebound.
19:10 of 3rd period - Snap shot by Martin Fehervary.
19:10 of 3rd period - Shot Blocked by Jack Thompson.
19:14 of 3rd period - Wrist shot by Tim Stutzle.
19:14 of 3rd period - Shot Misses the Net.
19:16 of 3rd period - Snap shot by David Pastrnak.
19:16 of 3rd period - Shot Blocked by Jack Thompson.
19:18 of 3rd period - Wrist shot by Kyle Connor.
19:18 of 3rd period - Stopped by Leevi Merilainen with a rebound.
19:40 of 3rd period - Slapshot by Kyle Connor.
19:40 of 3rd period - Stopped by Leevi Merilainen with a rebound.
19:42 of 3rd period - Snap shot by Darren Raddysh.
19:42 of 3rd period - Shot Misses the Net.
19:44 of 3rd period - Snap shot by Kyle Connor.
19:44 of 3rd period - Shot Blocked by Jack Thompson.
19:46 of 3rd period - Snap shot by David Pastrnak.
19:46 of 3rd period - Deflect By Kyle Connor.
19:46 of 3rd period - Shot Misses the Net.
19:46 of 3rd period - Puck is out of play.
19:47 of 3rd period - Bruce Cassidy call a timeout for Colorado Rockies.
19:47 of 3rd period - Beck Malenstyn wins face-off versus David Pastrnak in Boston Bruins zone.
Goals for this period are 1 for Boston Bruins vs 1 for Colorado Rockies.
Shots for this period are 14 for Boston Bruins vs 14 for Colorado Rockies.